 Dungeon Crawl Stone Soup version 0.30.1-11-g7821555f0a (webtiles) character file.

Game seed: 6871898378576264267

55 zielscheibe the Chiller (level 3, 0/18 HPs)
             Began as a Vine Stalker Ice Elementalist on Jan 12, 2024.
             Succumbed to an orc's poison
             ... on level 3 of the Dungeon.
             The game lasted 00:02:59 (2418 turns).

zielscheibe the Chiller (VSIE)                      Turns: 2418, Time: 00:03:00

Health: 0/18       AC:  2    Str: 10    XL:     3   Next: 93%
Magic:  4/8        EV: 12    Int: 17    God:
Gold:   144        SH:  0    Dex: 14    Spells: 3/7 levels left

rFire   + . .        r - +0 falchion
rCold   . . .        (no shield)
rNeg    . . .        a - +0 robe
rPois   .            (no helmet)
rElec   .            (no cloak)
rCorr   .            (no gloves)
SInv    .            (no boots)
Will    .....        e - amulet of the acrobat
Stlth   ++           q - ring of protection from fire
HPRegen 0.23/turn    (no ring)
MPRegen 0.11/turn

%: acrobat, guardian spirit
@: lethally poisoned (0 -> -26)
A: fangs 2, magic shield, antimagic bite, no potion heal 2
a: no special abilities


You were on level 3 of the Dungeon.
You visited 1 branch of the dungeon, and saw 4 of its levels.

You collected 144 gold pieces.

Inventory:

Hand Weapons
 r - a +0 falchion (weapon)
Armour
 a - a +0 robe (worn)
Jewellery
 e - an amulet of the acrobat (around neck)
 n - a ring of fire
 q - a ring of protection from fire (left hand)
Scrolls
 c - a scroll of poison {unknown}
 d - a scroll of blinking {unknown}
 f - a scroll of magic mapping {unknown}
 g - a scroll of fear {unknown}
 h - a scroll of butterflies {unknown}
 j - a scroll of amnesia {unknown}
 k - a scroll of identify {unknown}
 m - 2 scrolls of immolation {unknown}
 o - 2 scrolls of teleportation {unknown}
Potions
 b - 2 potions of magic
 i - 2 potions of mutation {unknown}
 l - a potion of curing {unknown}
 p - a potion of resistance {unknown}
 s - a potion of degeneration {unknown}


   Skills:
 + Level 1.1 Fighting
 + Level 2.0 Dodging
 - Level 2.4 Stealth
 + Level 2.6 Spellcasting
 * Level 4.6 Ice Magic


You had 3 spell levels left.
You knew the following spells:

 Your Spells              Type           Power      Damage    Failure   Level
a - Freeze                Ice            72%        1d8       2%          1
b - Frozen Ramparts       Ice            36%        1d6       9%          3

Your spell library contained the following spells:

 Spells                   Type           Power      Damage    Failure   Level
 Ozocubu's Armour         Ice            18%        N/A       9%          3
 Summon Ice Beast         Ice/Summ       10%        N/A       56%         4


Dungeon Overview and Level Annotations

Branches:
Dungeon (4/15)
 Temple: D:4-7

Altars:
Fedhas
Kikubaaqudgha

Shops:
D:1 ?


Innate Abilities, Weirdness & Mutations

You have extremely sharp teeth.
When hurt, damage is shared between your health and your magic reserves.
Your bite disrupts and absorbs the magic of your enemies.
Potions cannot restore your health.


Message History

Magic restored.
An orc comes into view. It is wielding a +0 club.
The orc shouts!
You see here a frilled lizard corpse.
An orc is nearby!
An orc is nearby!
An orc comes into view. It is wielding a +0 short sword.
Found a runed falchion.
The orc moves out of view.
An orc comes into view. It is wielding a +2 dagger of venom.
The orc barely misses you.
You barely miss the orc.
The orc shouts! x2
Your bite misses the orc. The orc hits you but does no damage.
The orc barely misses you.
You slash the orc!
You kill the orc!
An orc comes into view. It is wielding a +0 dagger.
Things that are here:
a +0 club; an orc corpse You hit the orc.
You bite the orc, but do no damage.
The orc is heavily wounded.
The orc misses you.
You hit the orc.
The orc is severely wounded.
The orc barely misses you.
You closely miss the orc.
The orc is severely wounded.
The orc closely misses you. The orc hits you with a +0 short sword.
You hit the orc.
You kill the orc!
You hit the orc but do no damage.
The orc hits you with a +2 dagger of venom.
You are poisoned.
You hit the orc but do no damage.
You feel sick.
The orc hits you with a +2 dagger of venom.
You are lethally poisoned!
The orc hits you with a +2 dagger of venom.
You are more poisoned.
You closely miss the orc. You bite the orc, but do no damage.
You die...

## #. .
######.########.### #.
.........@oo....)..
##.#########†#######.###
....................
####...........#######
## #....#......#### ..
#......>.#....... ..#.#
## #......#.#..#####
#.#.#.. .. #......#<#..#
#.#.#.# ######
#...<..#.#..#
#.#.#.###.....


You could see 2 orcs.

Vanquished Creatures
  2 adders
  3 worms (D:2)
  A dart slug (D:1)
  2 orcs (D:3)
  An endoplasm (D:3)
  3 giant cockroaches
  A goblin (D:1)
  A hobgoblin (D:2)
  2 kobolds (D:1)
  A quokka (D:2)
  2 ball pythons (D:1)
  3 bats
  2 frilled lizards (D:3)
  2 rats (D:1)
26 creatures vanquished.

Notes
Turn   | Place    | Note
-------+----------+-------------------------------------------
     0 | D:1      | zielscheibe the Vine Stalker Ice Elementalist began the
                  | quest for the Orb.
     0 | D:1      | Reached XP level 1. HP: 9/9 MP: 4/4
    61 | D:1      | Found a faded altar of an unknown god.
   257 | D:1      | Found Hurra's Magic Scroll Shoppe.
   321 | D:1      | Reached XP level 2. HP: 5/14 MP: 0/6
  1074 | D:2      | You fall into a shaft and drop 2 floors!
  1084 | D:4      | Found an ancient bone altar of Kikubaaqudgha.
  1129 | D:3      | Reached XP level 3. HP: 17/17 MP: 3/7
  1423 | D:3      | Found a blossoming altar of Fedhas.
  1655 | D:2      | Reached skill level 1 in Fighting
  1773 | D:2      | Learned a level 3 spell: Frozen Ramparts
  2418 | D:3      | Succumbed to an orc's poison

Illustrated notes

Levels and vault maps discovered:
D:1:      lemuel_arrival_cross, layout_rooms, nicolae_ecumenical_lake_church,
          serial_shops, nicolae_shop_hallway_plus
D:2:      layout_loops_ring, kennysheep_crisscross
D:3:      layout_basic, lemuel_tele_altar, minmay_quantized
D:4:      layout_basic, nicolae_kikubaaqudgha_miasma_corner,
          minmay_temple_entry_drinking_statues

Skill      XL: |  1  2  3 |
---------------+----------+-----
Fighting       | 1 |  1.1
Dodging        | 2 |  2.0
Stealth        | |  2.4
Spellcasting   | |  2.6
Ice Magic      | |  4.6

Action                     || total
---------------------------++-------
  Melee: Short sword       ||    40
         Bite              ||    12
         Falchion          ||    15
   Cast: Freeze            ||    29
   Stab: Sleeping          ||     1
 Armour: Robe              ||     6
  Dodge: Dodged            ||    59
